cohdb
Replays
Latest Replays
All Replays
Popular Replays
Top Player Replays
Match Explorer
How It Works
Community
CoH3 Stats
Reddit
Sign in to upload your games and track your stats! →
Sign in with Steam
Match 21592041
Unlisted
Match 21592041
Overview
Messages
Build Orders
End
Construct Infanterie Kompanie
Kettenkrad Recon Vehicle
Grenadier Squad
Grenadier Squad
MG 42 Machine Gun Team
Selects Mechanized Battlegroup
Sniper
Construct Panzergrenadier Kompanie
Medical Station
Selects Raid Package
Pak 40 Anti-tank Gun Team
Selects 8 Rad Armored Car
8 Rad Armored Car
Pak 40 Anti-tank Gun Team
Pak 40 Anti-tank Gun Team
Construct Panzer Kompanie
Selects UNKNOWN (2160084)
Selects Spotting Scopes
Selects Stoßtruppen Assault Package
Stoßtruppen Squad
Selects Mechanized Assault
Panther Heavy Tank
Pioneer Squad
Trainzz
water
0
0
Comments
sign in to comment!
No comments posted yet!